 Dungeon Crawl Stone Soup version 0.22.1-6-g1668fe2c40 (webtiles) character file.

12978 Kohma the Grappler (level 11, -3/111 HPs)
             Began as a Troll Monk on Jan 25, 2019.
             Was a High Priest of Dithmenos.
             Slain by a troll (14 damage)
             ... on level 10 of the Dungeon.
             The game lasted 00:32:28 (9809 turns).

Kohma the Grappler (Troll Monk)                     Turns: 9809, Time: 00:32:29

Health: -3/111     AC:  9    Str: 21    XL:     11   Next: 69%
Magic:  13/13      EV: 10    Int:  6    God:    Dithmenos [*****.]
Gold:   334        SH:  2    Dex: 15    Spells: 10/10 levels left

rFire    . . .     SeeInvis .     - Unarmed
rCold    . . .     Gourm    +   (no shield)
rNeg     . . .     Faith    .   z - +1 robe of Araim {*Contam rElec Slay+2}
rPois    .         Spirit   .   (helmet restricted)
rElec    +         Reflect  +   u - +0 cloak
rCorr    +         Harm     .   (gloves unavailable)
MR       .....                  (boots unavailable)
Stlth    ++........             t - +2 amulet of reflection
HPRegen  0.68/turn              q - +2 ring of protection
MPRegen  0.13/turn              v - ring of resist corrosion

@: wreathed by umbra, drained
A: large, unfitting armour, claws 3, fast metabolism 3, gourmand, regeneration
1, shaggy fur 1, tough skin 2
a: Shadow Step, Shadow Form, Renounce Religion


You were on level 10 of the Dungeon.
You worshipped Dithmenos.
Dithmenos was extremely pleased with you.
You were full.

You visited 2 branches of the dungeon, and saw 12 of its levels.

You collected 538 gold pieces.
You spent 204 gold pieces at shops.

Inventory:

Hand Weapons
 b - a +0 blowgun
Missiles
 c - 40 poisoned needles
 e - 340 stones (quivered)
Armour
 u - a +0 cloak (worn)
 z - the +1 robe of Araim (worn) {*Contam rElec Slay+2}
   (You found it on level 5 of the Dungeon)

   It affects your accuracy and damage with ranged weapons and melee attacks
   (+2).
   It insulates you from electricity.
   It causes magical contamination when unequipped.
Jewellery
 a - an uncursed ring of wizardry
 m - an uncursed ring of flight
 q - a +2 ring of protection (left claw)
 t - a +2 amulet of reflection (around neck)
 v - a ring of resist corrosion (right claw)
 M - an uncursed amulet of regeneration
Wands
 w - a wand of polymorph (10)
 D - a wand of flame (6)
 E - a wand of enslavement (13)
 G - a wand of disintegration (34)
 O - a wand of digging (12)
Scrolls
 d - a scroll of enchant weapon
 i - 5 scrolls of teleportation
 j - 2 scrolls of enchant armour
 k - 2 scrolls of immolation
 o - 4 scrolls of remove curse
 p - a scroll of identify
 r - a scroll of fog
 N - 2 scrolls of amnesia
Potions
 f - 4 potions of curing
 h - 3 potions of lignification
 l - a potion of might
 x - a potion of haste
 B - 2 potions of cancellation
 C - 2 potions of ambrosia
 F - a potion of agility
 I - a potion of magic
 J - 2 potions of brilliance
Miscellaneous
 g - a phantom mirror
 H - a sack of spiders
 L - a box of beasts
Comestibles
 A - 31 rations


   Skills:
 + Level 8.2(7.8) Fighting
 - Level 3.0(2.6) Throwing
 - Level 2.4(2.0) Dodging
 - Level 1.0(0.6) Stealth
 * Level 14.7(14.1) Unarmed Combat
 - Level 5.0(4.5) Invocations


You had 10 spell levels left.
You didn't know any spells.
Your spell library contained the following spells:

 Spells                   Type           Power        Failure   Level  Hunger
 Apportation              Tloc           #.....       45%         1    ##.....
 Infusion                 Chrm           #...         45%         1    ##.....
 Summon Butterflies       Summ           #.......     45%         1    ##.....
 Corpse Rot               Necr           N/A          58%         2    ###....
 Shroud of Golubria       Chrm/Tloc      #.........   58%         2    ###....
 Song of Slaying          Chrm           #.......     58%         2    ###....
 Sublimation of Blood     Necr           #.........   58%         2    ###....
 Lesser Beckoning         Tloc           #.........   83%         3    ####...
 Regeneration             Chrm/Necr      #.........   83%         3    ####...
 Spectral Weapon          Hex/Chrm       #.......     83%         3    ####...
 Tukima's Dance           Hex            #.......     83%         3    ####...
 Agony                    Necr           #.......     100%        5    ######.
 Alistair's Intoxication  Tmut/Pois      #.......     100%        5    ######.
 Bolt of Draining         Conj/Necr      #.........   100%        5    ######.
 Dispel Undead            Necr           #.......     100%        5    ######.
 Excruciating Wounds      Chrm/Necr      #.........   100%        5    ######.
 Invisibility             Hex            #.......     100%        6    #######


Dungeon Overview and Level Annotations

Branches:
Dungeon (11/15)            Temple (1/1) D:7            Lair (0/6) D:11
    Orc (0/2) D:11

Altars:
Ashenzari
Cheibriados
Dithmenos
Elyvilon
Fedhas
Gozag
Hepliaklqana
Kikubaaqudgha
Makhleb
Nemelex Xobeh
Okawaru
Qazlal
Ru
Sif Muna
Trog
Uskayaw
Vehumet
Wu Jian
Xom
Yredelemnul
Zin
The Shining One

Shops:
D:10 *   D:11 !


Innate Abilities, Weirdness & Mutations

You are too large for most types of armour.
You have claws for hands.
Your metabolism is lightning-fast.
You like to eat raw meat.
Your natural rate of healing is unusually fast.
You are covered in fur. (AC +1)
You have very tough skin. (AC +2)


Message History

You feel sick.
You feel sick.
There is a stone staircase leading up, spattered with blood here.
The troll bites you.
* * * LOW HITPOINT WARNING * * *
The troll claws you!
* * * LOW HITPOINT WARNING * * *
The troll barely misses you.
You climb upwards.
You feel sick.
There is a stone staircase leading down here.
You feel better. The troll barely misses you. The troll closely misses you.
The troll barely misses you.
You barely miss the troll. You claw the troll.
The troll is lightly wounded.
The troll barely misses you. The troll closely misses you.
The troll barely misses you.
You eviscerate the troll!!!
The troll is almost dead.
The troll bites you!
You die...

.................≈≈≈≈.♣.≈≈≈≈#
.................≈≈≈≈≈≈≈≈≈≈≈#
.###'####........≈≈≈≈≈≈≈≈≈≈≈#
.#......#....#####≈≈≈≈≈≈≈≈≈##
.#......#....'....#.#...####
.#......#....#....#.......#
.#......#....#....#.......#
.'......#..<.#...T#.......#
.'......#....#..@.#.......#
.#.....##....#...[#.......#
.#.....#.....#....#.......#
.#.....'.....#....#.......#
.#.....#.....#....#.......#
.#.....#.....####'#.#######
.#######............#
....................#
....................#


You could see a troll.

Vanquished Creatures
  A fire dragon (D:11)
  4 two-headed ogres
  An ogre mage (D:10)
  2 unseen horrors (D:10)
  A deep troll (D:10)
  Pikel (D:9)
  An ugly thing (D:8)
  A manticore (D:11)
  Maurice (D:9)
  A centaur zombie (D:10)
  A troll (D:7)
  A hippogriff (D:10)
  A spriggan (D:7)
  2 wyverns
  2 hungry ghosts
  Menkaure (D:7)
  An ice beast (D:9)
  A black bear (D:8)
  6 orc warriors
  A hornet zombie (D:9)
  3 slaves (D:9)
  3 ogres (D:11)
  2 eyes of draining
  2 centaurs (D:11)
  A crocodile (D:10)
  The ghost of Deimosegg the Insei, an amateur TeMo (D:4)
  3 big kobolds
  5 gnoll sergeants
  7 bullfrogs
  A wyvern zombie (D:7)
  4 scorpions
  3 wights (D:9)
  2 howler monkeys
  2 bullfrog zombies
  5 hounds
  6 crimson imps
  A bullfrog skeleton (D:6)
  2 jellies
  7 orc priests
  A centaur skeleton (D:7)
  3 iguanas
  10 orc wizards
  Natasha (thrice) (D:2)
  5 worker ants
  A hound zombie (D:8)
  A howler monkey zombie (D:7)
  11 gnolls
  6 adders
  4 shadow imps
  An ooze (D:3)
  An adder skeleton (D:5)
  An adder zombie (D:8)
  A worm (D:3)
  2 dart slugs (D:2)
  42 orcs
  6 bats
  6 giant cockroaches
  8 hobgoblins
  7 jackals
  14 kobolds
  5 quokkas
  2 frilled lizards
  4 goblins
  A quokka skeleton (D:9)
  A quokka zombie (D:5)
  8 rats
246 creatures vanquished.

Notes
Turn   | Place    | Note
-------+----------+-------------------------------------------
     0 | D:1      | Kohma the Troll Monk began the quest for the Orb.
     0 | D:1      | Reached XP level 1. HP: 22/22 MP: 0/0
   228 | D:1      | Reached XP level 2. HP: 29/29 MP: 1/1
   720 | D:2      | Noticed Natasha
   723 | D:2      | Reached skill level 1 in Throwing
   732 | D:2      | Killed Natasha
   732 | D:2      | Reached skill level 4 in Unarmed Combat
   732 | D:2      | Reached XP level 3. HP: 11/36 MP: 2/2
   895 | D:2      | Reached XP level 4. HP: 43/44 MP: 3/3
   995 | D:2      | Noticed Natasha
  1007 | D:2      | Killed Natasha
  1216 | D:2      | Noticed Natasha
  1221 | D:2      | Killed Natasha
  1461 | D:3      | Reached skill level 5 in Unarmed Combat
  1474 | D:3      | Reached XP level 5. HP: 50/50 MP: 4/4
  1561 | D:3      | Found a shadowy altar of Dithmenos.
  1570 | D:3      | Became a worshipper of Dithmenos the Shadowed
  1570 | D:3      | Reached * piety under Dithmenos
  1570 | D:3      | Reached ** piety under Dithmenos
  1591 | D:3      | HP: 1/50 [orc/hand axe (3)]
  1812 | D:3      | Found a stormy altar of Qazlal.
  2115 | D:4      | Noticed Deimosegg's ghost (amateur TeMo)
  2265 | D:4      | Reached XP level 6. HP: 59/59 MP: 5/5
  2285 | D:4      | Found a blossoming altar of Fedhas.
  2345 | D:4      | Found a runed gate.
  2345 | D:4      | Found a runed gate.
  2345 | D:4      | Found a runed gate.
  2365 | D:4      | Reached skill level 6 in Unarmed Combat
  2380 | D:4      | Killed Deimosegg's ghost
  2380 | D:4      | Reached skill level 1 in Invocations
  2580 | D:5      | Entered Level 5 of the Dungeon
  2852 | D:5      | Reached XP level 7. HP: 60/66 MP: 7/7
  2895 | D:5      | Found a blossoming altar of Fedhas.
  3037 | D:5      | You fall through a shaft for 2 floors!
  3054 | D:6      | Reached skill level 7 in Unarmed Combat
  3286 | D:6      | Noticed a hungry ghost
  3298 | D:6      | Killed a hungry ghost
  3723 | D:7      | Noticed Menkaure
  3728 | D:7      | Killed Menkaure
  3728 | D:7      | Reached *** piety under Dithmenos
  3728 | D:7      | Reached skill level 8 in Unarmed Combat
  3728 | D:7      | Reached XP level 8. HP: 38/74 MP: 9/9
  4006 | D:7      | Noticed a troll
  4013 | D:7      | Killed a troll
  4013 | D:7      | Reached skill level 9 in Unarmed Combat
  4211 | D:7      | Found a staircase to the Ecumenical Temple.
  4246 | Temple   | Entered the Ecumenical Temple
  5036 | D:5      | Found an opulent altar of Gozag.
  5036 | D:5      | Found a glowing silver altar of Zin.
  5228 | D:5      | Got an opalescent robe
  5245 | D:5      | Identified the +1 robe of Araim {*Contam rElec Slay+2} (You
                  | found it on level 5 of the Dungeon)
  5403 | D:8      | Reached XP level 9. HP: 84/84 MP: 11/11
  5408 | D:8      | Reached **** piety under Dithmenos
  5440 | D:8      | Reached skill level 10 in Unarmed Combat
  5440 | D:8      | Reached skill level 5 in Invocations
  5863 | D:8      | Noticed a green ugly thing
  5871 | D:8      | Killed a green ugly thing
  6522 | D:9      | Reached skill level 5 in Fighting
  6522 | D:9      | Reached skill level 11 in Unarmed Combat
  6614 | D:9      | Noticed Pikel
  6637 | D:9      | Killed Pikel
  6732 | D:9      | Reached XP level 10. HP: 82/96 MP: 12/12
  6740 | D:9      | Noticed a two-headed ogre
  6744 | D:9      | Killed a two-headed ogre
  6882 | D:9      | Reached skill level 12 in Unarmed Combat
  6934 | D:9      | Noticed Maurice
  6939 | D:9      | Killed Maurice
  7348 | D:9      | Found a basalt altar of Yredelemnul.
  7422 | D:10     | Entered Level 10 of the Dungeon
  7608 | D:10     | Noticed a two-headed ogre
  7608 | D:10     | Noticed a two-headed ogre
  7616 | D:10     | Killed a two-headed ogre
  7622 | D:10     | Killed a two-headed ogre
  7622 | D:10     | Reached skill level 13 in Unarmed Combat
  7777 | D:10     | Reached ***** piety under Dithmenos
  7787 | D:10     | Noticed a deep troll
  7795 | D:10     | Killed a deep troll
  7795 | D:10     | Noticed an ogre mage
  7801 | D:10     | Killed an ogre mage
  7801 | D:10     | Reached XP level 11. HP: 27/109 MP: 13/13
  7930 | D:10     | Got a transparent platinum amulet
  7932 | D:10     | Identified the amulet "Pofiwyh" {Gourm -Tele Int+6} (You
                  | found it on level 10 of the Dungeon)
  8173 | D:10     | Found the +6 shillelagh "Devastator" {shatter}
  8214 | D:10     | Killed an unseen horror
  8303 | D:10     | Found Susaos's Island Escapes.
  8393 | D:10     | Killed an unseen horror
  8501 | D:10     | Noticed a two-headed ogre
  8512 | D:10     | Killed a two-headed ogre
  8512 | D:10     | Reached skill level 14 in Unarmed Combat
  8988 | D:10     | Bought a scroll of blinking for 90 gold pieces
  8988 | D:10     | Bought a scroll of fog for 24 gold pieces
  9054 | D:11     | Found Meupn's Distillery.
  9063 | D:11     | Bought a potion of heal wounds for 50 gold pieces
  9063 | D:11     | Bought a potion of agility for 40 gold pieces
  9069 | D:11     | Noticed a fire dragon
  9070 | D:11     | Found a staircase to the Lair.
  9072 | D:11     | Noticed a brown ugly thing
  9280 | D:11     | Killed a fire dragon
  9502 | D:11     | Found a staircase to the Orcish Mines.
  9805 | D:11     | HP: 1/111 [troll (7)]
  9809 | D:10     | Slain by a troll

Skill      XL: |  1  2  3  4  5  6  7  8  9 10 11 |
---------------+----------------------------------+-----
Throwing       | 1 2 3 |  3.0
Unarmed Combat | 4 5 6 8 9 11 13 14 | 14.7
Invocations    | 1 3 4 5 |  5.0
Fighting       | 3 5 7 8 |  8.2
Dodging        | |  2.4
Stealth        | |  1.0

Action                   |  1- 3 |  4- 6 |  7- 9 | 10-12 || total
-------------------------+-------+-------+-------+-------++-------
Melee: Unarmed           |    63 |   155 |   247 |   225 ||   690
       Punch             |       |     2 |    20 |    16 ||    38
 Abil: Evoke Flight      |       |       |       |     1 ||     1
Evoke: Sack of spiders   |       |       |       |     2 ||     2
       Wand              |       |       |       |     1 ||     1
  Use: Potion            |       |     1 |       |     5 ||     6
       Scroll            |       |       |    25 |     9 ||    34
 Stab: Sleeping          |     2 |     2 |     1 |     3 ||     8
       Invisible         |       |       |       |     1 ||     1
  Eat: Chunk             |    13 |    19 |    38 |    27 ||    97
Armor: Robe              |    32 |    53 |    38 |    77 ||   200
Dodge: Dodged            |    19 |    85 |    97 |   123 ||   324
Block: Other             |       |       |    10 |    15 ||    25
       Reflection        |       |       |       |     2 ||     2
